 Dungeon Crawl Stone Soup version 0.21-a0-104-g7b58145 (webtiles) character file.

144045 Ijustatesigmund the Warrior (level 17, -1/198 HPs)
             Began as an Ogre Hunter on July 5, 2017.
             Was the Champion of Okawaru.
             Slain by a deep elf knight
             ... wielding a +3 scimitar
              (8 damage)
             ... while paralysed by an orc sorcerer
             ... on level 1 of the Elven Halls.
             The game lasted 01:52:25 (35063 turns).

Ijustatesigmund the Warrior (Ogre Hunter)          Turns: 35063, Time: 01:52:26

Health: -1/198     AC: 13    Str: 24    XL:     17   Next: 39%
Magic:  28/28      EV:  1    Int: 19    God:    Okawaru [******]
Gold:   2028       SH:  0    Dex: 17    Spells: 16/16 levels left

rFire    x . .     SeeInvis .   Q - +9 demon whip of Dominance {venom, rElec Int+7 Dex-4}
rCold    + . .     Gourm    .   S - +0 large shield of the Locust {rElec Str+4}
rNeg     . . .     Faith    .   b - +4 troll leather armour
rPois    .         Spirit   .   s - +1 hat "Taushreu" {MR- Dex+5 Slay+3}
rElec    +         Reflect  +   U - scarf of Esmed {Regen+}
rCorr    .         Harm     .   (gloves unavailable)
MR       .....                  (boots unavailable)
Stlth    ++........             l - +4 amulet of reflection
HPRegen  1.23/turn              w - ring of ice
MPRegen  0.21/turn              V - +5 ring of evasion

@: paralysed, heroism, studying Necromancy, heavily drained
A: unfitting armour, slimy green scales 1, agile 1, mutation resistance 1, tough
skin 1
a: Heroism, Finesse, Renounce Religion


You were on level 1 of the Elven Halls.
You worshipped Okawaru.
Okawaru was exalted by your worship.
You were very hungry.

You visited 5 branches of the dungeon, and saw 25 of its levels.
You also visited: Labyrinth, Ice Cave, Volcano and Desolation.

You collected 2579 gold pieces.
You spent 551 gold pieces at shops.

Inventory:

Hand Weapons
 Q - the +9 demon whip of Dominance (weapon) {venom, rElec Int+7 Dex-4}
   (Okawaru gifted it to you on level 12 of the Dungeon)

   It poisons the flesh of those it strikes.
   It affects your intelligence (+7).
   It affects your dexterity (-4).
   It insulates you from electricity.
 Y - the +8 whip "Snakebite" {curare, rPois}
   (You found it on level 6 of the Lair of Beasts)

   It poisons the flesh of those it strikes.
   It protects you from poison.
Missiles
 d - 25 large rocks (quivered)
 C - 3 poisoned tomahawks
 F - 4 throwing nets
 R - 6 javelins of penetration
Armour
 b - a +4 troll leather armour (worn)
 s - the +1 hat "Taushreu" (worn) {MR- Dex+5 Slay+3}
   (Okawaru gifted it to you on level 2 of the Lair of Beasts)

   It affects your dexterity (+5).
   It affects your accuracy and damage with ranged weapons and melee attacks
   (+3).
   It affects your resistance to hostile enchantments.
 N - the +3 shield "Ezegaher" {rF++ Int-4 Dex+7}
   (Okawaru gifted it to you on level 1 of the Elven Halls)

   It affects your intelligence (-4).
   It affects your dexterity (+7).
   It greatly protects you from fire.
 S - the +0 large shield of the Locust (worn) {rElec Str+4}
   (You found it on level 14 of the Dungeon)

   It affects your strength (+4).
   It insulates you from electricity.
 U - the scarf of Esmed (worn) {Regen+}
   (Okawaru gifted it to you on level 5 of the Lair of Beasts)

   It increases your rate of regeneration.
 W - a +2 cloak of magic resistance
 Z - +0 fire dragon scales
Jewellery
 c - an uncursed amulet of regeneration
 i - an uncursed ring of poison resistance
 l - a +4 amulet of reflection (around neck)
 o - an uncursed ring of positive energy
 r - an uncursed ring of protection from fire
 w - a ring of ice (left hand)
 y - an uncursed ring of positive energy
 V - a +5 ring of evasion (right hand)
Wands
 n - a wand of enslavement (14/24)
 x - a wand of iceblast (7/15)
 J - a wand of lightning (7/15)
 T - a wand of acid (7/15)
Scrolls
 e - a scroll of brand weapon
 j - a scroll of identify
 k - 3 scrolls of teleportation
 p - 9 scrolls of remove curse
 q - 2 scrolls of recharging
 t - a scroll of fog
 M - a scroll of enchant weapon
 P - a scroll of fear
Potions
 a - 2 potions of flight
 g - 6 potions of haste
 m - a potion of resistance
 u - a potion of ambrosia
 v - 2 potions of brilliance
 z - 5 potions of curing
 A - a potion of heal wounds
 B - 3 potions of magic
 D - a potion of berserk rage
 H - a potion of cancellation
 K - 3 potions of agility
 L - 4 potions of might
Books
 E - a manual of Necromancy
 G - a book of the Sky

   Spells                             Type                      Level
   a - Summon Lightning Spire         Summoning/Air                4
   b - Silence                        Hexes/Air                    5
   c - Deflect Missiles               Charms/Air                   6
   d - Conjure Ball Lightning         Conjuration/Air              6
   e - Tornado                        Air                          9
 O - the Almanac of Sinister Magic and Bewitchment
   (You found it in the Desolation of Salt)

   Spells                             Type                      Level
   a - Corona                         Hexes                        1
   b - Slow                           Hexes                        2
   c - Dazzling Spray                 Conjuration/Hexes            3
   d - Excruciating Wounds            Charms/Necromancy            5
   e - Discord                        Hexes                        8
 X - the Reference Book on Clay
   (You found it in the Desolation of Salt)

   Spells                             Type                      Level
   a - Sandblast                      Earth                        1
   b - Petrify                        Transmutation/Earth          4
   c - Lee's Rapid Deconstruction     Earth                        5
   d - Iron Shot                      Conjuration/Earth            6
Comestibles
 f - 8 bread rations
 h - 8 meat rations


   Skills:
 + Level 19.5(20.7) Fighting
 - Level 10.6(12.4) Maces & Flails
 - Level 6.0(8.1) Throwing
 + Level 7.1(9.2) Armour
 + Level 10.1(11.9) Dodging
 - Level 0.6(3.0) Stealth
 + Level 12.0(13.7) Shields
 + Level 15.2(12.0) Invocations


You had 16 spell levels left.
You didn't know any spells.

Dungeon Overview and Level Annotations

Branches:
Dungeon (15/15)            Temple (1/1) D:5            Lair (6/6) D:11
  Swamp (0/4) Lair:2        Snake (0/4) Lair:4        Slime (0/5) Lair:6
    Orc (2/2) D:9             Elf (1/3) Orc:2        Vaults (0/5) D:14
 Depths (0/5) D:15

Altars:
Ashenzari
Cheibriados
Dithmenos
Elyvilon
Fedhas
Gozag
Hepliaklqana
Kikubaaqudgha
Makhleb
Nemelex Xobeh
Okawaru
Qazlal
Ru
Sif Muna
Trog
Uskayaw
Vehumet
Wu Jian
Xom
Yredelemnul
Zin
The Shining One
Beogh

Shops:
D:9 }   Orc:2 (%*%

Annotations:
Lair:4 exclusion: 2 oklob plants


Innate Abilities, Weirdness & Mutations

You are too large for most types of armour.
You have tough skin. (AC +1)
You are partially covered in slimy green scales. (AC +2)
You are agile. (Dex +2)
You are somewhat resistant to further mutation.


Message History

The orc sorcerer hits you but does no damage.
The orc priest calls upon Beogh to heal the orc sorcerer.
The orc sorcerer is healed somewhat.
The flail of crushing hits you.
* * * LOW HITPOINT WARNING * * *
x2 The deep elf knight hits you with an enchanted scimitar.
* * * LOW HITPOINT WARNING * * *
The orc warrior hits you with a long sword!
* * * LOW HITPOINT WARNING * * *
The red devil hits you from afar with a trident!!
* * * LOW HITPOINT WARNING * * *
The orc priest calls upon Beogh to heal the orc sorcerer.
The orc sorcerer is healed somewhat.
The orc sorcerer shouts, "You can't withstand my power!"
The orc sorcerer mumbles some strange words.
A deep elf demonologist comes into view.
It is wielding a short sword.
You are feeling very hungry.
The flail of crushing hits you!
* * * LOW HITPOINT WARNING * * *
x2 The deep elf knight hits you with an enchanted scimitar!
You die...

,,,,,,***,* *,**,,**88*88*88*,*
,,,,,** *,* ##+##++.'...,,,,,*,*
****+* *,*##.......'...,,,,,*,**
*,* *,##........#..#,,*,,****
****,****,#.......(.e...,,,,,,8*,
,,,,,,,**,#.....3e..'.,.,,,,,,8*,
,,,,,,,**,#..e.4oee)#..#,,*,,***,
****,,,,,,+....oo(eo*..e,,,,,*,*,
**,,***#....o@)#ee,,,,,,,,*,*, **
*,,* ##....e##**88*88*88*,*,
,****,,* ###...#####****##*****,
,,+,,,,***#....$....# *##.# *,,
,,***,,,,,+%........# *...# *,,
,,***+****#.....)...###$#.## *,,
,,,,,,,,,,#.........8......# *,,
,,,,,,,,.....(......8..88..# *,,
,,,,,,,,..........8........# *,,


You could see a deep elf demonologist, a deep elf archer, 2 deep elf knights, a
deep elf high priest, 3 deep elf magi, a neqoxec, an orc sorcerer, a red devil,
an orc warrior, a flail of crushing, 2 orc priests, a battlesphere and an orc.

Vanquished Creatures
  Saint Roka (Orc:2)
  2 imperial myrmidons (Desolation)
  The ghost of Duffy the Severer, a journeyman FoSk of Qazlal (Lair:6)
  A halazid warlock (Desolation)
  An ettin (Orc:2)
  5 crystal guardians (Desolation)
  A minotaur (Lab)
  Josephine (D:15)
  Fannar (D:11)
  4 slime creatures
  11 ragged hierophants (Desolation)
  A rakshasa (D:15)
  A peacekeeper (Desolation)
  An ice dragon (Lair:2)
  Harold (Lair:4)
  5 hydras
  2 servants of whispers (Desolation)
  3 centaur warriors (D:14)
  9 death yaks
  14 two-headed ogres
  A tengu warrior (D:15)
  3 ogre magi
  A queen ant (D:8)
  Urug (D:11)
  Sonja (D:11)
  3 deep elf knights
  A fire crab (shapeshifter) (D:14)
  6 skeletal warriors (D:14)
  4 unseen horrors
  A sea snake (shapeshifter) (D:14)
  2 deep trolls (Orc:2)
  A glowing orange brain (D:15)
  A deep elf archer (Elf:1)
  An ironbrand convoker (Desolation)
  2 wolf spider zombies
  An orc knight (D:11)
  12 deep elf magi
  A shining eye (shapeshifter) (D:15)
  12 ugly things
  5 cyclopes
  An oklob plant (Lair:1)
  2 orc sorcerers
  A manticore (D:14)
  A salamander (Volcano)
  2 ice statues (IceCv)
  A gargoyle (D:12)
  Joseph (Lair:1)
  2 black mambas
  4 guardian serpents (Desolation)
  33 spiny frogs
  4 kobold demonologists
  An efreet (D:12)
  5 komodo dragons
  4 rime drakes
  18 trolls
  A polar bear (Lair:6)
  22 blink frogs
  A blink frog (shapeshifter) (D:15)
  3 tyrant leeches (Lair:6)
  2 hornets
  35 saltlings (Desolation)
  3 meliai zombies
  6 hippogriffs
  5 wraiths
  A shadow (Lab)
  3 wyverns
  6 humans
  22 yaks
  4 basilisks
  2 vampires
  2 fire bats (Volcano)
  A steam dragon (Lair:4)
  4 hungry ghosts
  11 vampire mosquitoes
  2 wargs (Orc:2)
  20 soldier ants
  4 nagas (Lair:4)
  4 acid dragons
  8 insubstantial wisps
  13 water moccasins
  A hell hound (Volcano)
  3 porcupines
  A swamp drake (Lair:2)
  4 phantoms
  11 ice beasts
  21 orc warriors
  7 sky beasts
  3 eyes of draining
  2 black bears
  A necrophage (D:9)
  2 boggarts
  32 ogres
  13 wolves
  16 centaurs
  12 crocodiles
  4 big kobolds (D:14)
  28 bullfrogs
  3 wyvern skeletons
  5 scorpions
  6 killer bees
  A spriggan skeleton (Lab)
  5 electric eels
  3 howler monkeys
  3 crimson imps
  A bullfrog zombie (D:12)
  A quasit (D:5)
  12 hounds
  4 centaur zombies
  21 orc wizards
  16 orc priests
  3 jellies
  2 bullfrog skeletons (D:12)
  9 centaur skeletons
  11 iguanas
  26 worker ants
  A hound zombie (D:10)
  3 hound skeletons
  A worker ant zombie (D:11)
  9 adders
  9 gnolls
  3 shadow imps
  4 adder skeletons
  An adder zombie (D:9)
  A worm (D:4)
  7 leopard geckos
  74 orcs
  7 giant cockroaches
  6 goblins
  7 hobgoblins
  10 jackals
  8 quokkas
  9 bats
  A frilled lizard (D:3)
  A jackal zombie (D:9)
  16 kobolds
  2 quokka zombies
  3 rats
  A bush (Lair:1)
  7 plants
875 creatures vanquished.

Vanquished Creatures (collateral kills)
  A basilisk (Lair:3)
1 creature vanquished.

Vanquished Creatures (others)
  A two-headed ogre (Volcano)
  An unseen horror (D:15)
  2 centaurs
  3 orcs (Elf:1)
  3 fungi
  39 plants
  16 toadstools (Lair:1)
65 creatures vanquished.

Grand Total: 941 creatures vanquished

Notes
Turn   | Place    | Note
-------+----------+-------------------------------------------
     0 | D:1      | Ijustatesigmund the Ogre Hunter began the quest for the Orb.
     0 | D:1      | Reached XP level 1. HP: 22/22 MP: 1/1
    43 | D:1      | Reached skill level 3 in Fighting
   365 | D:1      | Reached XP level 2. HP: 27/31 MP: 2/2
  1139 | D:1      | Reached skill level 1 in Maces & Flails
  1205 | D:1      | Reached skill level 4 in Fighting
  1414 | D:1      | Reached XP level 3. HP: 31/39 MP: 3/3
  1471 | D:2      | Found a faded altar of an unknown god.
  1471 | D:2      | Found a deep blue altar of Sif Muna.
  1476 | D:2      | Found a stormy altar of Qazlal.
  1478 | D:2      | Found a basalt altar of Yredelemnul.
  1479 | D:2      | Found a faded altar of an unknown god.
  2466 | D:3      | Found a burning altar of Makhleb.
  2467 | D:3      | Found a shimmering altar of Xom.
  2545 | D:3      | Noticed a two-headed ogre
  2769 | D:4      | Reached skill level 5 in Fighting
  2769 | D:4      | Reached XP level 4. HP: 50/50 MP: 4/4
  2785 | D:4      | Reached XP level 5. HP: 34/59 MP: 5/5
  3069 | D:4      | Noticed a phantom
  3084 | D:4      | Killed a phantom
  3084 | D:4      | Reached skill level 6 in Fighting
  3152 | D:4      | Gained mutation: You are agile. (Dex +2) [potion of mutation]
  3152 | D:4      | Gained mutation: You are somewhat resistant to further mutation. [potion of mutation]
  3152 | D:4      | Gained mutation: You are partially covered in slimy green scales. (AC +2) [potion of mutation]
  3204 | D:4      | Reached XP level 6. HP: 54/68 MP: 6/6
  3395 | D:4      | HP: 2/68 [ogre/giant club (27)]
  3431 | D:5      | Entered Level 5 of the Dungeon
  3431 | D:5      | Found a staircase to the Ecumenical Temple.
  3439 | Temple   | Entered the Ecumenical Temple
  4081 | Temple   | Became a worshipper of Warmaster Okawaru
  4143 | D:5      | Reached skill level 1 in Invocations
  4218 | D:5      | Noticed an ice beast
  4230 | D:5      | Killed an ice beast
  4598 | D:5      | Reached XP level 7. HP: 13/76 MP: 9/9
  4792 | D:4      | Reached * piety under Okawaru
  5119 | D:4      | Found a sparkling altar of Nemelex Xobeh.
  5122 | D:4      | Found a radiant altar of Vehumet.
  5151 | D:4      | Reached skill level 5 in Invocations
  6060 | D:5      | Reached skill level 7 in Fighting
  6558 | D:5      | Reached XP level 8. HP: 27/88 MP: 11/11
  6701 | D:5      | Reached skill level 8 in Fighting
  7179 | D:5      | Found a shadowy altar of Dithmenos.
  7611 | D:6      | Reached skill level 9 in Fighting
  8086 | D:6      | Reached skill level 5 in Maces & Flails
  8360 | D:6      | Reached ** piety under Okawaru
  8759 | D:6      | Reached skill level 10 in Fighting
  8759 | D:6      | Reached XP level 9. HP: 87/101 MP: 12/12
  8768 | D:6      | Reached skill level 1 in Shields
  9026 | D:6      | Paralysed by a human for 3 turns
  9040 | D:6      | Paralysed by a human for 4 turns
  9359 | D:3      | Found a glowing golden altar of the Shining One.
  9452 | D:3      | Killed a two-headed ogre
  9452 | D:3      | Reached skill level 11 in Fighting
  9725 | D:7      | Found a white marble altar of Elyvilon.
  9756 | D:7      | Reached *** piety under Okawaru
 10007 | D:7      | Found a bloodstained altar of Trog.
 10382 | D:7      | Reached XP level 10. HP: 111/115 MP: 13/13
 11265 | D:7      | Reached skill level 12 in Fighting
 13562 | D:8      | Reached **** piety under Okawaru
 13602 | D:7      | Reached skill level 5 in Dodging
 13800 | D:8      | Noticed a queen ant
 13830 | D:8      | Killed a queen ant
 13904 | D:8      | Reached XP level 11. HP: 66/126 MP: 14/14
 14174 | D:8      | Reached skill level 13 in Fighting
 14329 | D:8      | Reached ***** piety under Okawaru
 15212 | D:9      | Noticed a two-headed ogre
 15241 | D:9      | Killed a two-headed ogre
 15241 | D:9      | Received a gift from Okawaru
 16363 | D:9      | Noticed a cyclops
 16370 | D:9      | Noticed a deep elf mage
 16371 | D:9      | Killed a cyclops
 16389 | D:9      | Killed a deep elf mage
 16389 | D:9      | Received a gift from Okawaru
 16880 | D:9      | Reached skill level 14 in Fighting
 16907 | D:9      | Found Etaschan's Gadget Shoppe.
 16952 | D:9      | Found a staircase to the Orcish Mines.
 17154 | D:10     | Entered Level 10 of the Dungeon
 17407 | D:10     | Received a gift from Okawaru
 17936 | D:10     | Noticed a two-headed ogre
 17944 | D:10     | Killed a two-headed ogre
 18056 | D:10     | Received a gift from Okawaru
 18476 | D:10     | Reached XP level 12. HP: 90/138 MP: 17/17
 18745 | D:10     | Reached skill level 10 in Maces & Flails
 18987 | D:11     | Found a staircase to the Lair.
 19019 | D:11     | You fall through a shaft for 3 floors!
 19019 | D:14     | Noticed a centaur warrior
 19024 | D:14     | Killed a centaur warrior
 19024 | D:14     | Reached skill level 5 in Throwing
 19824 | D:12     | Found a labyrinth entrance.
 19836 | Lab      | Entered a labyrinth
 20325 | Lab      | Noticed a minotaur
 20336 | Lab      | Killed a minotaur
 21087 | D:12     | Received a gift from Okawaru
 21087 | D:12     | Reached skill level 15 in Fighting
 21092 | D:12     | Got an ebony demon whip {god gift}
 21093 | D:12     | Identified the +9 demon whip of Dominance {venom, rElec Int+7 Dex-4} (Okawaru gifted it to you on level 12 of the Dungeon)
 21110 | D:11     | Noticed Urug
 21122 | D:11     | Killed Urug
 21843 | D:11     | Noticed Sonja
 21859 | D:11     | Noticed Fannar
 21861 | D:11     | Killed Sonja
 21861 | D:11     | Reached skill level 1 in Armour
 21888 | D:11     | Killed Fannar
 21888 | D:11     | Reached XP level 13. HP: 136/148 MP: 18/20
 21933 | D:11     | Received a gift from Okawaru
 21933 | D:11     | Reached skill level 5 in Shields
 21959 | D:11     | Received a gift from Okawaru
 22021 | D:11     | Got a dazzling lajatang {god gift}
 22034 | D:11     | Identified the +2 lajatang of the Saviour {speed, SInv} (Okawaru gifted it to you on level 11 of the Dungeon)
 22046 | D:11     | Found a roughly hewn altar of Beogh.
 22340 | D:12     | Reached skill level 10 in Invocations
 22949 | D:14     | Got a pitted large shield
 22955 | D:14     | Identified the +0 large shield of the Locust {rElec Str+4} (You found it on level 14 of the Dungeon)
 23088 | D:14     | Received a gift from Okawaru
 23114 | D:14     | Received a gift from Okawaru
 23128 | D:14     | Reached ****** piety under Okawaru
 23139 | D:14     | Got a distressingly furry robe {god gift}
 23211 | D:14     | Found a gate to the Vaults.
 23759 | D:14     | Reached skill level 16 in Fighting
 23810 | D:14     | Reached XP level 14. HP: 119/161 MP: 22/22
 24168 | D:15     | Entered Level 15 of the Dungeon
 24380 | D:15     | Noticed Josephine
 24399 | D:15     | Killed Josephine
 24555 | D:15     | Received a gift from Okawaru
 24706 | D:15     | Found a staircase to the Depths.
 24928 | D:15     | Reached skill level 17 in Fighting
 25558 | D:15     | Identified the +2 robe of Wobyic {rF++ rN+ Int+2 Stlth-} (Okawaru gifted it to you on level 14 of the Dungeon)
 25623 | D:15     | Found a deep blue altar of Sif Muna.
 25748 | Lair:1   | Entered Level 1 of the Lair of Beasts
 25893 | Lair:1   | Found a blossoming altar of Fedhas.
 26374 | Lair:1   | Noticed Joseph
 26379 | Lair:1   | Killed Joseph
 26834 | Lair:2   | Found a staircase to the Swamp.
 26933 | Lair:2   | Received a gift from Okawaru
 26947 | Lair:2   | Got an ancient hat {god gift}
 26961 | Lair:2   | Identified the +1 hat "Taushreu" {MR- Dex+5 Slay+3} (Okawaru gifted it to you on level 2 of the Lair of Beasts)
 27923 | Lair:3   | Reached XP level 15. HP: 173/173 MP: 24/24
 28301 | Lair:3   | Found a dark tunnel.
 28396 | Volcano  | Entered a volcano
 28995 | Lair:4   | Noticed Harold
 29003 | Lair:4   | Killed Harold
 29129 | Lair:4   | Reached skill level 18 in Fighting
 29432 | Lair:4   | Found a staircase to the Snake Pit.
 29528 | Lair:4   | Reached skill level 10 in Shields
 30766 | Lair:6   | Entered Level 6 of the Lair of Beasts
 30797 | Lair:6   | Noticed Duffy's ghost (journeyman FoSk)
 30922 | Lair:6   | Killed Duffy's ghost
 30937 | Lair:5   | Received a gift from Okawaru
 30953 | Lair:5   | Got a faintly humming scarf {god gift}
 30965 | Lair:5   | Identified the scarf of Esmed {Regen+} (Okawaru gifted it to you on level 5 of the Lair of Beasts)
 31297 | Lair:6   | Found a staircase to the Slime Pits.
 31602 | Lair:6   | Reached XP level 16. HP: 187/187 MP: 26/26
 31626 | Lair:6   | Reached skill level 5 in Armour
 32192 | Orc:1    | Entered Level 1 of the Orcish Mines
 32251 | Orc:2    | Entered Level 2 of the Orcish Mines
 32251 | Orc:2    | Found a staircase to the Elven Halls.
 32308 | Orc:2    | Noticed Saint Roka
 32312 | Orc:2    | Received a gift from Okawaru
 32338 | Orc:2    | Killed Saint Roka
 32477 | Orc:1    | Found a frozen archway.
 32501 | IceCv    | Entered an ice cave
 32560 | IceCv    | Found a transporter.
 33071 | Orc:2    | Found Zeckod's Assorted Antiques.
 33072 | Orc:2    | Found Zaos's Food Boutique.
 33077 | Orc:2    | Found Dobuyqoj's Food Emporium.
 33109 | Orc:2    | Reached skill level 19 in Fighting
 33169 | Orc:2    | Bought a scroll labeled QADGHO QOGRIDUU for 38 gold pieces
 33172 | Orc:2    | Found Cazehiy's Weapon Shop.
 33501 | Orc:2    | Bought a scroll of enchant weapon for 285 gold pieces
 33501 | Orc:2    | Bought a scroll of teleportation for 114 gold pieces
 33501 | Orc:2    | Bought a potion of curing for 114 gold pieces
 33551 | Elf:1    | Entered Level 1 of the Elven Halls
 33559 | Elf:1    | Received a gift from Okawaru
 33613 | Elf:1    | Identified the +3 shield "Ezegaher" {rF++ Int-4 Dex+7} (Okawaru gifted it to you on level 1 of the Elven Halls)
 33647 | Elf:1    | Found a ruined gateway.
 33657 | Desolati | Entered the Desolation of Salt
 33998 | Desolati | Reached XP level 17. HP: 165/197 MP: 23/28
 34049 | Desolati | Reached skill level 15 in Invocations
 34133 | Desolati | Identified the Almanac of Sinister Magic and Bewitchment
 34136 | Desolati | Identified the Reference Book on Clay
 34277 | Desolati | Received a gift from Okawaru
 34702 | Desolati | Reached skill level 10 in Dodging
 34858 | Desolati | HP: 8/198 [halazid warlock/bolt of cold (11)]
 35060 | Elf:1    | Paralysed by an orc sorcerer for 5 turns
 35063 | Elf:1    | HP: 8/198 [flail of crushing (11)]
 35063 | Elf:1    | Slain by a deep elf knight

Vault maps used:
D:1:      shiori_arrival_maze, grunt_decor_resistance, lexackson_kobold_supper
D:2:      chequers_temple_overflow_minitemple, first_bread, moated_statue
D:3:      grunt_temple_overflow_champion_of_chaos,
          nicolae_overflow_crystal_walls
D:4:      nicolae_overflow_hidden_temple
D:5:      kennysheep_mini, minmay_temple_entry_glass, hangedman_decor_growths
D:6:      minmay_ruffians
D:7:      lemuel_crystal_altar, trog_butcher_becter
D:8:      minmay_weird_star, minivault_29
D:9:      minmay_the_grid_octo_2x2, serial_shops, nicolae_shop_trees
D:11:     erik_lair_island, uniq_fannar, uniq_sonja, uniq_urug
D:12:     lab_entry_generic
D:13:     slaughterhouse, basic_altar
D:14:     hangedman_vaults_entry_quadrant_bands
D:15:     gammafunk_enter_depths_forms, lemuel_statue_altar, uniq_josephine
Temple:   minmay_temple_forest_path
Lair:1:   tgw_fedhas, uniq_joseph
Lair:2:   dragon1_lemuel, minmay_swamp_entry_wisps, pond
Lair:3:   enter_volcano_1
Lair:4:   minmay_snake_entry_guardpost_small, minmay_lair_oklob_chamber,
          lemuel_fruit_fields, uniq_harold
Lair:5:   infiniplex_staircase_pool, grunt_megastairs_2
Lair:6:   minmay_lair_end_frog_pond, minmay_slime_entry_pillars,
          lookout_lair_type, serial_bayou_pond_d
Orc:1:    basic_altar, portal_ice_cave_rime
Orc:2:    st_orc_open, lightli_orcish_oven, uniq_saint_roka
Elf:1:    eino_elf_arrival_shootout, portal_desolation_entry_garden,
          orc_legates, nicolae_elf_stone_circles
Lab:      labyrinth_watery, nicolae_lab_very_dead_end, nicolae_lab_grate_2,
          lab_hedge
IceCv:    ice_cave_statue_garden_teleport
Volcano:  volcano_village

Skill      XL: |  1  2  3  4  5  6  7  8  9 10 11 12 13 14 15 16 17 |
---------------+----------------------------------------------------+-----
Fighting       | 3 4 5 6 7 10 11 12 14 15 16 17 18 19 | 19.5
Maces & Flails | 1 2 3 6 7 8 9 10 | 10.6
Invocations    | 3 5 6 9 11 13 14 15 | 15.2
Shields        | 3 4 7 9 10 11 12 | 12.0
Dodging        | 5 6 8 9 10 | 10.1
Throwing       | 6 |  6.0
Armour         | 1 3 4 6 7 |  7.1
Stealth        | |  0.6

Action                   |  1- 3 |  4- 6 |  7- 9 | 10-12 | 13-15 | 16-18 || total
-------------------------+-------+-------+-------+-------+-------+-------++-------
Melee: Short sword       |    27 |       |       |       |       |       ||    27
       Club              |    20 |       |       |       |       |       ||    20
       Whip              |    53 |       |       |       |       |       ||    53
       Mace              |    68 |    76 |   183 |       |       |       ||   327
       Punch             |       |       |     1 |       |       |       ||     1
       Flail             |       |       |   303 |   459 |       |       ||   762
       Giant spiked club |       |       |       |   280 |       |       ||   280
       Morningstar       |       |       |       |    83 |       |       ||    83
       Demon whip        |       |       |       |    82 |  1445 |   802 ||  2329
       Great mace        |       |       |       |    22 |       |       ||    22
Throw: Large rock        |     4 |    16 |    16 |     5 |    17 |    19 ||    77
       Throwing net      |       |       |     3 |       |       |       ||     3
       Tomahawk          |       |       |       |     3 |       |       ||     3
Invok: Heroism           |       |       |     9 |    22 |    12 |    13 ||    56
       Finesse           |       |       |       |     1 |     2 |     4 ||     7
Evoke: Wand              |       |       |       |    11 |       |       ||    11
  Use: Scroll            |     8 |     6 |     7 |    15 |    12 |    22 ||    70
       Potion            |     2 |     6 |     4 |     4 |     1 |     2 ||    19
 Stab: Sleeping          |     1 |       |       |     2 |     3 |     2 ||     8
       Held in net/web   |       |       |     3 |       |       |       ||     3
       Invisible         |       |       |     1 |       |       |       ||     1
       Distracted        |       |       |       |     1 |       |       ||     1
  Eat: Chunk             |     5 |     2 |     7 |    19 |    13 |     1 ||    47
       Fruit             |       |     2 |       |     3 |     7 |     4 ||    16
       Royal jelly       |       |     1 |     2 |       |       |     1 ||     4
       Bread ration      |       |       |     2 |     3 |     1 |       ||     6
       Meat ration       |       |       |       |     1 |     2 |     1 ||     4
Armor: Robe              |    58 |    20 |   137 |   177 |       |       ||   392
       Troll leather arm |       |       |       |     4 |   168 |    52 ||   224
Dodge: Dodged            |   112 |    47 |   197 |   464 |   345 |   261 ||  1426
Block: Other             |       |     9 |    49 |    79 |       |       ||   137
       Shield            |       |       |   137 |   310 |       |       ||   447
       Reflection        |       |       |     5 |     9 |    28 |     4 ||    46
       Large shield      |       |       |       |    45 |   986 |   530 ||  1561
